 Dungeon Crawl Stone Soup version 0.28.0-49-g6dfe1f597d (webtiles) character file.

Game seed: 13088598860789653920

36 Exodus22XD the Poker (level 3, -1/27 HPs)
             Began as a Demonspawn Gladiator on May 15, 2022.
             Slain by a worm (3 damage)
             ... on level 2 of the Dungeon.
             The game lasted 00:00:46 (1125 turns).

Exodus22XD the Poker (Demonspawn Gladiator)         Turns: 1125, Time: 00:00:47

Health: -1/27      AC:  3    Str: 16    XL:     3   Next: 19%
Magic:  3/3        EV: 12    Int:  9    God:
Gold:   38         SH:  0    Dex: 14    Spells: 2/2 levels left

rFire   . . .      SeeInvis .   a - +0 trident
rCold   . . .      Faith    .   (no shield)
rNeg    . . .      Spirit   .   b - +0 leather armour
rPois   .          Reflect  .   (helmet restricted)
rElec   .          Harm     .   (no cloak)
rCorr   .          Rampage  .   (no gloves)
Will    .....                   (no boots)
Stlth   +.........              (no amulet)
HPRegen 0.09/turn               (no ring)
MPRegen 0.08/turn               (no ring)

@: no status effects
A: horns 1
a: no special abilities


You were on level 2 of the Dungeon.
You visited 1 branch of the dungeon, and saw 2 of its levels.

You collected 38 gold pieces.

Inventory:

Hand Weapons
 a - a +0 trident (weapon)
Missiles
 d - 3 throwing nets (quivered)
Armour
 b - a +0 leather armour (worn)
 c - a +0 helmet
Scrolls
 e - a scroll of silence {unknown}
 f - a scroll of identify {unknown}
 i - a scroll of teleportation {unknown}
Potions
 h - a potion of degeneration {unknown}


   Skills:
 + Level 2.1 Fighting
 + Level 3.5 Polearms
 + Level 1.9 Throwing
 + Level 0.1 Armour
 + Level 3.0 Dodging


You had 2 spell levels left.
You didn't know any spells.
Your spell library was empty.

Dungeon Overview and Level Annotations

Branches:
Dungeon (2/15)

Altars:

Annotations:
D:2 Sigmund


Innate Abilities, Weirdness & Mutations

You have a pair of small horns on your head.


Message History

You headbutt the worm, but do no damage.
The worm is almost dead.
The worm bites you but does no damage.
Sigmund mumbles some strange words.
Sigmund flickers and vanishes!
Deactivating autopickup; reactivate with Ctrl-A.
You barely miss the worm.
The worm is almost dead.
You puncture the worm!
You kill the worm!
You hit the goblin. Your headbutt misses the goblin.
The goblin is moderately wounded.
The goblin hits you with a +0 dagger.
* * * LOW HITPOINT WARNING * * *
You barely miss the goblin. Your headbutt misses the goblin.
The goblin is moderately wounded.
The goblin misses you.
You puncture the goblin!
You kill the goblin!
You are confused.
You feel invigorated.
You hit the worm.
The worm is lightly wounded.
The worm barely misses you. Something completely misses you.
You hit the worm. You headbutt the worm.
The worm is lightly wounded.
The worm misses you.
You're too confused to move!
You feel less invigorated.
You feel less confused. Something hits you!
You barely miss the worm.
The worm is lightly wounded.
Something hits you. The worm bites you.
* * * LOW HITPOINT WARNING * * *
You puncture the worm!
The worm is heavily wounded.
Something hits you.
* * * LOW HITPOINT WARNING * * *
The worm bites you.
You die...

........[.........#####...
...........⌠.⌠.......##...
.........g...............#
..........⌠ ...⌠.........#
......... <....##......#
......†.# #.†....#..
.......{## ##.....###
#######.####w#######.#.##....#
....#...####.@......##.##.##.#
............##.....##..#..# ..
#............#.....#.#####
#...##....................
#...##..#######.#.#..#####
##)##..## #.......# ###.....##
#.....#.# ######....####
#####.#...#.# #......#.##
###.....#...#.#


You could see a worm.

Vanquished Creatures
  A worm (D:2)
  2 ball pythons
  4 endoplasms
  A giant cockroach (D:2)
  4 goblins
  4 hobgoblins
  2 quokkas
  4 bats
  6 kobolds
  A rat (D:1)
29 creatures vanquished.

Notes
Turn   | Place    | Note
-------+----------+-------------------------------------------
     0 | D:1      | Exodus22XD the Demonspawn Gladiator began the quest for the
                  | Orb.
     0 | D:1      | Reached XP level 1. HP: 16/16 MP: 1/1
   296 | D:1      | Gained mutation: You have a pair of small horns on your
                  | head. [demonic ancestry]
   296 | D:1      | Reached XP level 2. HP: 20/22 MP: 2/2
  1039 | D:2      | Reached XP level 3. HP: 27/27 MP: 3/3
  1095 | D:2      | Noticed Sigmund
  1125 | D:2      | Slain by a worm

Illustrated notes

Levels and vault maps discovered:
D:1:      dpeg_arrival_erosion, layout_loops_ring
D:2:      layout_rooms, grunt_ministairs_10, uniq_sigmund

Skill      XL: |  1  2 |
---------------+-------+-----
Polearms       | 3 |  3.5
Dodging        | 3 |  3.0
Fighting       | |  2.1
Throwing       | |  1.9
Armour         | |  0.1

Action                   || total
-------------------------++-------
Melee: Trident           ||    84
       Headbutt          ||     7
  Use: Potion            ||     2
Armor: Leather armour    ||    12
Dodge: Dodged            ||    45
